 Dungeon Crawl Stone Soup version 0.29.0-13-gc9e81de378 (webtiles) character file.

Game seed: 201977654326493499

11375 Ashen the Chiller (level 11, 0/84 HPs)
             Began as a Demonspawn Ice Elementalist on Sept 8, 2022.
             Was a Believer of Vehumet.
             Slain by an ice beast (11 damage)
             ... summoned by an ice statue
             ... in an ice cave.
             The game lasted 00:33:46 (14151 turns).

Ashen the Chiller (Demonspawn Ice Elementalist)    Turns: 14151, Time: 00:33:47

Health: 0/84       AC: 10    Str:  8    XL:     11   Next: 48%
Magic:  21/21      EV: 18    Int: 22    God:    Vehumet [**....]
Gold:   1413       SH:  6    Dex: 13    Spells: 3/24 levels left

rFire   . . .      SeeInvis .   e - +3 demon whip (venom)
rCold   . . .      Faith    .   I - +1 buckler
rNeg    . . .      Spirit   .   L - +0 steam dragon scales
rPois   .          Reflect  .   M - +1 hat
rElec   .          Harm     .   m - +0 cloak
rCorr   .          Rampage  .   H - +0 pair of gloves
Will    .....                   (no boots)
Stlth   +++.......              (no amulet)
HPRegen 0.24/turn               g - ring of wizardry
MPRegen 0.17/turn               u - +4 ring of evasion

@: no status effects
A: horns 1, powered by pain 2, spiny 2, sharp scales 2
a: Renounce Religion


You were in an ice cave.
You worshipped Vehumet.
Vehumet was pleased with you.
You visited 3 branches of the dungeon, and saw 13 of its levels.
You also visited: Ice Cave.

You collected 1694 gold pieces.
You spent 281 gold pieces at shops.

Inventory:

Hand Weapons
 e - a +3 demon whip of venom (weapon)
 y - a +1 whip of flaming
 F - a +1 vampiric whip
Missiles
 N - 25 poisoned darts (quivered)
Armour
 m - a +0 cloak (worn)
 H - a +0 pair of gloves (worn)
 I - a +1 buckler (worn)
 L - +0 steam dragon scales (worn)
 M - a +1 hat (worn)
Jewellery
 g - a ring of wizardry (left hand)
 s - a ring of wizardry
 u - a +4 ring of evasion (right hand)
Wands
 w - a wand of iceblast (8)
 x - a wand of digging (15)
 A - a wand of flame (13)
 E - a wand of polymorph (18)
 G - a wand of acid (10)
 K - a wand of charming (19)
Scrolls
 d - 2 scrolls of fear
 i - a scroll of brand weapon {unknown}
 j - 2 scrolls of noise
 o - a scroll of butterflies {unknown}
 q - 3 scrolls of teleportation
 t - a scroll of amnesia
Potions
 b - 2 potions of magic
 c - 4 potions of curing
 f - a potion of flight {unknown}
 k - a potion of cancellation
 l - a potion of resistance {unknown}
 n - 2 potions of lignification
 r - a potion of haste
 z - 3 potions of attraction
 B - a potion of might
 C - 3 potions of mutation
 D - a potion of brilliance


   Skills:
 + Level 7.4 Fighting
 + Level 3.3 Maces & Flails
 + Level 7.1 Dodging
 - Level 5.0 Stealth
 + Level 4.2 Shields
 + Level 7.1 Spellcasting
 + Level 4.9 Conjurations
 + Level 5.5 Necromancy
 + Level 7.8 Ice Magic


You had 3 spell levels left.
You knew the following spells:

 Your Spells              Type           Power      Damage    Failure   Level
a - Freeze                Ice            100%       1d11      1%          1
b - Frozen Ramparts       Ice            84%        1d13      1%          3
c - Ozocubu's Armour      Ice            42%        N/A       1%          3
d - Hailstorm             Conj/Ice       35%        3d9       3%          4
e - Simulacrum            Ice/Necr       18%        N/A       38%         6
f - Static Discharge      Conj/Air       18%        3-6/arc   2%          2
g - Searing Ray           Conj           58%        2d6       1%          2

Your spell library contained the following spells:

 Spells                   Type           Power      Damage    Failure   Level
 Magic Dart               Conj           100%       1d8       1%          1
 Summon Small Mammal      Summ           28%        N/A       4%          1
 Call Imp                 Summ           7%         N/A       6%          2
 Mephitic Cloud           Conj/Pois/Air  15%        N/A       6%          3
 Call Canine Familiar     Summ           7%         N/A       12%         3
 Portal Projectile        Hex/Tloc       14%        N/A       12%         3
 Summon Guardian Golem    Hex/Summ       7%         N/A       12%         3
 Tukima's Dance           Hex            7%         N/A       12%         3
 Fulminant Prism          Conj/Hex       9%         3d7       16%         4
 Iskenderun's Battlesphe  Conj           29%        2d8       16%         5
 Metabolic Englaciation   Hex/Ice        12%        N/A       22%         5
 Fireball                 Conj/Fire      9%         3d6       38%         5
 Blade Hands              Tmut           3%         N/A       71%         5
 Conjure Ball Lightning   Conj/Air       9%         3x3d6     89%         6
 Orb of Destruction       Conj           14%        9d7       98%         7


Dungeon Overview and Level Annotations

Branches:
Dungeon (11/15)            Temple (1/1) D:5            Lair (0/5) D:8
    Orc (1/2) D:9           IceCv (1/1)

Altars:
Ashenzari
Cheibriados
Dithmenos
Fedhas
Gozag
Hepliaklqana
Kikubaaqudgha
Makhleb
Nemelex Xobeh
Okawaru
Qazlal
Ru
Sif Muna
Trog
Uskayaw
Vehumet
Wu Jian
Xom
Yredelemnul

Shops:
D:3 (=(!:   D:7 =   D:8 [

Annotations:
D:6 Maggie
D:8 exclusions: 3 electric eels and 4 more exclusions IceCv exclusion: 2 ice statues


Innate Abilities, Weirdness & Mutations

You have a pair of small horns on your head.
You sometimes gain power by taking damage.
You are mostly covered in sharp spines.
You are mostly covered in razor-sharp scales. (AC +2, Slay +2)


Message History

The ice beast is struck by your spines. The ice beast hits you.
The ice beast freezes you. The ice beast is struck by your spines.
You kill the ice beast!
The ice beast disappears in a puff of smoke!
The ice statue gestures at you. The bolt of cold misses you.
The ice statue gestures at you. The shard of ice misses you.
The shard of ice hits the ice beast!
The ice beast partially resists.
The ice beast hits you but does no damage.
The ice statue gestures at you. The shard of ice misses you.
The shard of ice hits the ice beast!
The ice beast partially resists.
The ice statue gestures at you. The shard of ice hits you!!
* * * LOW HITPOINT WARNING * * *
The ice beast is struck by your spines.
The ice beast hits you but does no damage.
The ice beast attacks as you move away! The ice beast misses you.
The ice beast attacks as you move away!
The ice beast hits you but does no damage.
Unknown command.
The ice beast attacks as you move away!
The ice beast hits you but does no damage.
The ice beast attacks as you move away! The ice beast is struck by your spines.
The ice beast hits you.
* * * LOW HITPOINT WARNING * * *
The ice beast freezes you.
* * * LOW HITPOINT WARNING * * *
The ice statue gestures. x2
The ice beast attacks as you move away! The ice beast closely misses you.
The ice beast attacks as you move away! The ice beast is struck by your spines.
The ice beast closely misses you. The ice beast attacks as you move away!
The ice beast is struck by your spines.
You kill the ice beast!
The ice beast disappears in a puff of smoke!
The ice beast attacks as you move away! The ice beast hits you.
* * * LOW HITPOINT WARNING * * *
The ice beast freezes you!
You die...

#.......⌠.......#
#...............#
#...............#
#.............##
#.............#
##..Y..Y.....##
##8#.§...#8##
####.YY####
#.@.## ##...#
##...# #...##
##...## ##.....##
#...∩...#
#...∩...#
##.....##


You could see 4 ice beasts.

Vanquished Creatures
  Gastronok (D:9)
  2 two-headed ogres (D:9)
  Urug (D:10)
  Amaemon (D:8)
  Pikel (D:6)
  Maurice (D:8)
  An orange demon (D:8)
  5 ice devils (IceCv)
  Prince Ribbit (D:6)
  2 wyverns
  10 yaks
  2 steam dragons (D:8)
  A water moccasin (D:9)
  2 orc warriors (D:9)
  2 ice beasts
  A black bear (D:6)
  2 ogres
  2 centaurs
  A lemure (D:6)
  A phantom (D:5)
  4 kobold brigands
  3 bullfrogs
  A gnoll sergeant (D:9)
  A necrophage (D:5)
  4 scorpions
  A two-headed ogre simulacrum (IceCv)
  A cane toad simulacrum (IceCv)
  20 killer bees
  An electric eel (D:8)
  4 howler monkeys (D:9)
  A hound (D:5)
  5 jellies
  A gnoll bouda (D:7)
  An orc priest (D:9)
  4 iguanas
  An orc wizard (D:9)
  2 troll simulacra (D:11)
  8 adders
  10 gnolls
  2 naga simulacra
  2 shadow imps (D:6)
  A dart slug (D:2)
  11 orcs
  6 endoplasms
  A giant cockroach (D:1)
  5 goblins
  12 hobgoblins
  5 quokkas
  4 ball pythons
  2 bats (D:2)
  5 frilled lizards
  34 kobolds
  7 rats
210 creatures vanquished.

Vanquished Creatures (others)
  6 fungi (D:8)
  2 plants (D:8)
8 creatures vanquished.

Grand Total: 218 creatures vanquished

Notes
Turn   | Place    | Note
-------+----------+-------------------------------------------
     0 | D:1      | Ashen the Demonspawn Ice Elementalist began the quest for
                  | the Orb.
     0 | D:1      | Reached XP level 1. HP: 13/13 MP: 3/3
   135 | D:1      | Found a faded altar of an unknown god.
   426 | D:1      | Gained mutation: You have a pair of small horns on your
                  | head. [demonic ancestry]
   426 | D:1      | Reached XP level 2. HP: 20/20 MP: 5/5
  1516 | D:2      | Reached skill level 1 in Fighting
  1516 | D:2      | Gained mutation: You are partially covered in razor-sharp
                  | scales. (AC +1, Slay +1) [demonic ancestry]
  1516 | D:2      | Reached XP level 3. HP: 15/26 MP: 1/6
  2371 | D:3      | Found a sparkling altar of Nemelex Xobeh.
  2612 | D:3      | Found Getheis's Distillery.
  2625 | D:3      | Bought a potion of heal wounds for 70 gold pieces
  2625 | D:3      | Bought a potion of lignification for 42 gold pieces
  2625 | D:3      | Bought a potion of curing for 42 gold pieces
  2635 | D:3      | Learned a level 3 spell: Frozen Ramparts
  2681 | D:3      | Found Gaedghere's Jewellery Boutique.
  2739 | D:3      | Found Yseink's Weapon Emporium.
  2863 | D:3      | Found a sacrificial altar of Ru.
  2884 | D:3      | Found Wouj's Weapon Shop.
  2895 | D:3      | Found a hazy altar of Hepliaklqana.
  2913 | D:3      | Found Duurroc's Book Shop.
  3091 | D:3      | Learned a level 3 spell: Ozocubu's Armour
  3242 | D:4      | Found a basalt altar of Yredelemnul.
  3252 | D:4      | Noticed an ogre
  3252 | D:4      | Noticed a scorpion
  3302 | D:3      | Bought a +0 whip of venom for 55 gold pieces
  3334 | D:4      | Killed an ogre
  3335 | D:4      | Gained mutation: You are partially covered in sharp spines.
                  | [demonic ancestry]
  3335 | D:4      | Reached XP level 4. HP: 33/33 MP: 0/8
  3335 | D:4      | Reached XP level 5. HP: 38/38 MP: 0/9
  3753 | D:4      | You fall into a shaft and drop 1 floor!
  3753 | D:5      | Entered Level 5 of the Dungeon
  3762 | D:5      | Reached XP level 6. HP: 31/45 MP: 10/10
  3941 | D:4      | Learned a level 4 spell: Hailstorm
  4342 | D:5      | Found a staircase to the Ecumenical Temple.
  4356 | Temple   | Entered the Ecumenical Temple
  4486 | Temple   | Became a worshipper of Vehumet
  5161 | D:5      | Gained mutation: You are mostly covered in razor-sharp
                  | scales. (AC +2, Slay +2) [demonic ancestry]
  5161 | D:5      | Reached XP level 7. HP: 42/51 MP: 12/12
  5607 | D:6      | Noticed Pikel
  5629 | D:6      | Killed Pikel
  5630 | D:6      | Reached skill level 5 in Ice Magic
  5630 | D:6      | Gained mutation: You are mostly covered in sharp spines.
                  | [demonic ancestry]
  5630 | D:6      | Reached XP level 8. HP: 48/60 MP: 11/14
  5924 | D:6      | Reached skill level 5 in Stealth
  6386 | D:6      | Noticed Prince Ribbit
  6397 | D:6      | Killed Prince Ribbit
  6398 | D:6      | Reached skill level 5 in Dodging
  6398 | D:6      | Reached skill level 5 in Spellcasting
  6479 | D:6      | Noticed Maggie
  7045 | D:7      | Reached skill level 5 in Fighting
  7230 | D:7      | Reached * piety under Vehumet
  7230 | D:7      | Offered knowledge of Shock by Vehumet.
  7231 | D:7      | Gained mutation: You sometimes gain a little power by
                  | taking damage. [demonic ancestry]
  7231 | D:7      | Reached XP level 9. HP: 26/68 MP: 12/17
  7242 | D:7      | Learned a level 6 spell: Simulacrum
  7460 | D:7      | Reached skill level 1 in Necromancy
  7554 | D:7      | Reached skill level 1 in Conjurations
  8116 | D:7      | Found Qoaru's Jewellery Boutique.
  8219 | D:8      | Found Epivit's Armour Shop.
  8224 | D:8      | Bought a +0 buckler for 72 gold pieces
  8260 | D:8      | Found a staircase to the Lair.
  8265 | D:8      | Noticed Amaemon
  8658 | D:8      | Reached skill level 1 in Shields
  8775 | D:8      | Noticed an orange demon
  8788 | D:8      | Killed Amaemon
  9012 | D:8      | Killed an orange demon
  9440 | D:8      | Gained mutation: You sometimes gain power by taking damage.
                  | [demonic ancestry]
  9440 | D:8      | Reached XP level 10. HP: 53/76 MP: 16/19
  9614 | D:8      | Noticed Maurice
  9621 | D:8      | Killed Maurice
  9737 | D:9      | Noticed Gastronok
  9771 | D:9      | Noticed a two-headed ogre
  9783 | D:9      | Killed a two-headed ogre
  9784 | D:9      | Reached skill level 1 in Maces & Flails
 10013 | D:9      | Noticed a two-headed ogre
 10022 | D:9      | Killed a two-headed ogre
 10540 | D:9      | Found a staircase to the Orcish Mines.
 11113 | D:9      | Killed Gastronok
 11405 | D:10     | Entered Level 10 of the Dungeon
 11420 | D:10     | Offered knowledge of Scorch by Vehumet.
 11421 | D:10     | Reached ** piety under Vehumet
 11422 | D:10     | Reached XP level 11. HP: 64/83 MP: 16/21
 11560 | D:10     | Noticed Urug
 11579 | D:10     | HP: 4/83 [poisoned by a killer bee]
 11982 | Orc:1    | Entered Level 1 of the Orcish Mines
 12234 | D:10     | Killed Urug
 12235 | D:10     | Reached skill level 5 in Necromancy
 12463 | D:10     | Offered knowledge of Static Discharge by Vehumet.
 12464 | D:10     | Found a burning altar of Makhleb.
 12568 | D:10     | Found an opulent altar of Gozag.
 12576 | D:10     | Found a blossoming altar of Fedhas.
 12750 | D:11     | Identified a scroll of acquirement
 12750 | D:11     | Acquired 1067 gold pieces
 12793 | D:11     | Found a frozen archway.
 12819 | D:11     | Learned a level 2 spell: Static Discharge
 12870 | IceCv    | Entered an ice cave
 13162 | IceCv    | Learned a level 2 spell: Searing Ray
 13255 | IceCv    | Reached *** piety under Vehumet
 14151 | IceCv    | Slain by an ice beast

Illustrated notes

Levels and vault maps discovered:
D:1:      minmay_arrival_wavy_path, layout_basic, basic_ecumenical_altar
D:2:      layout_loops_cross
D:3:      layout_basic, nicolae_ru_awakened_eye, nicolae_overflow_crystal_walls,
          mainiacjoe_overflow_six_doors_small, serial_shops, shop, shop,
          nicolae_shop_advertising_works [nicolae_subvault_shop_adworks],
          shop_statue, shop, minivault_4, serial_bayou_pond_d
D:4:      layout_loops_cross, yredelemnul_altar_generic
D:5:      layout_basic, minmay_temple_entry_arrows
D:6:      layout_basic, uniq_maggie, uniq_pikel, uniq_prince_ribbit1
D:7:      layout_gridville, serial_shops, shop
D:8:      layout_basic, nicolae_elyvilon_peaceful_grove, dpeg_oklobed_lair,
          serial_shops, kennysheep_little_box, uniq_maurice, uniq_amaemon
D:9:      layout_gridville, orc_0_dummy, uniq_gastronok
D:10:     layout_roguey, lemuel_round_altar, mainiacjoe_overflow_big_doors,
          st_stairs_6, uniq_urug
D:11:     layout_long_grid, portal_ice_cave_entry_ice_simulacra, minivault_4,
          uniq_lodul, uniq_nergalle
Temple:   jpeg_temple_clearing
Orc:1:    layout_caves, serial_shops, shop_statue
IceCv:    ice_cave_tombish

Skill      XL: |  1  2  3  4  5  6  7  8  9 10 11 |
---------------+----------------------------------+-----
Stealth        | 2 3 4 5 |  5.0
Dodging        | 2 3 4 5 6 7 |  7.1
Fighting       | 1 2 4 5 6 7 |  7.4
Ice Magic      | 4 5 6 7 |  7.8
Spellcasting   | 3 4 5 6 7 |  7.1
Necromancy     | 3 4 5 |  5.5
Conjurations   | 2 4 |  4.9
Shields        | 2 3 4 |  4.2
Maces & Flails | 2 3 |  3.3

Action                   |  1- 3 |  4- 6 |  7- 9 | 10-12 || total
-------------------------+-------+-------+-------+-------++-------
Melee: Short sword       |    67 |       |       |       ||    67
       Punch             |     2 |     2 |     3 |       ||     7
       Unarmed           |     2 |       |       |       ||     2
       Headbutt          |     8 |    11 |    40 |    63 ||   122
       Whip              |     4 |    58 |   151 |    83 ||   296
       Demon whip        |       |       |       |   182 ||   182
Throw: Dart              |       |       |       |     2 ||     2
 Cast: Freeze            |    50 |     1 |       |     7 ||    58
       Ozocubu's Armour  |     1 |     3 |    15 |    33 ||    52
       Frozen Ramparts   |     1 |     3 |    12 |    12 ||    28
       Hailstorm         |       |       |     2 |     2 ||     4
       Static Discharge  |       |       |       |     8 ||     8
       Searing Ray       |       |       |       |     3 ||     3
  Use: Scroll            |     1 |       |    10 |     8 ||    19
       Potion            |       |       |     5 |     2 ||     7
 Stab: Sleeping          |     4 |     4 |     6 |     1 ||    15
       Distracted        |       |       |     1 |       ||     1
Armor: Robe              |    27 |     9 |    31 |       ||    67
       Steam dragon scal |       |       |    21 |    77 ||    98
Dodge: Dodged            |    64 |    34 |   144 |   242 ||   484
Block: Buckler           |       |       |    11 |    78 ||    89
